 Dungeon Crawl Stone Soup version 0.27.1-2-g3b301248ec (webtiles) character file.

Game seed: 14145932286372317902

25 Madoushi the Chopper (level 2, -1/27 HPs)
             Began as a Minotaur Berserker on Sept 29, 2021.
             Was a Believer of Trog.
             Slain by a gnoll (3 damage)
             ... on level 1 of the Dungeon.
             The game lasted 00:03:56 (710 turns).

Madoushi the Chopper (Minotaur Berserker)            Turns: 710, Time: 00:03:57

Health: -1/27      AC:  6    Str: 21    XL:     2   Next: 82%
Magic:  1/1        EV: 10    Int:  4    God:    Trog [**....]
Gold:   26         SH:  0    Dex:  9    Spells: 1/1 levels left

rFire    . . .     SeeInvis .   a - +0 hand axe
rCold    . . .     Faith    .   (no shield)
rNeg     . . .     Spirit   .   c - +0 scale mail
rPois    .         Reflect  .   (helmet restricted)
rElec    .         Harm     .   (no cloak)
rCorr    .         Rampage  .   (no gloves)
Will     .....                  (no boots)
Stlth    ..........             (no amulet)
HPRegen  0.09/turn              (no ring)
MPRegen  0.07/turn              (no ring)

@: no status effects
A: horns 2, retaliatory headbutt
a: Renounce Religion, Berserk, Trog's Hand


You were on level 1 of the Dungeon.
You worshipped Trog.
Trog was pleased with you.
You visited 1 branch of the dungeon, and saw 1 of its levels.

You collected 26 gold pieces.

Inventory:

Hand Weapons
 a - a +0 hand axe (weapon)
 d - a +0 hunting sling
Armour
 b - a +0 animal skin
 c - a +0 scale mail (worn)
Scrolls
 e - a scroll of silence {unknown}
 g - a scroll of teleportation {unknown}
Potions
 f - a potion of heal wounds {unknown}


   Skills:
 + Level 4.0 Fighting
 + Level 4.3 Axes
 + Level 2.5 Armour
 + Level 2.3 Dodging
 + Level 0.5 Stealth


You had one spell level left.
You didn't know any spells.
Your spell library was empty.

Dungeon Overview and Level Annotations

Branches:
Dungeon (1/15)

Altars:


Innate Abilities, Weirdness & Mutations

You have a pair of horns on your head.
You reflexively headbutt those who attack you in melee.


Message History

You slash the endoplasm!
You kill the endoplasm!
Trog accepts your kill.
You can now call upon Trog for regeneration and willpower.
You hit the dart slug but do no damage.
The dart slug bites you but does no damage.
You hit the dart slug.
The dart slug is lightly wounded.
The dart slug bites you but does no damage.
You slash the dart slug!
The dart slug is almost dead.
The dart slug bites you but does no damage.
You hit the dart slug.
You kill the dart slug!
Trog accepts your kill.
You see here a dart slug corpse.
Found 20 arrows and a scroll labelled ICOIHU JIUSKUH.
g - a scroll labelled ICOIHU JIUSKUH A gnoll comes into view.
It is wielding a +0 spear.
The gnoll shouts!
The gnoll completely misses you.
Press: ? - help, v - describe, . - travel
Here: a gnoll, wielding a +0 spear The floor.
The gnoll hits you with a +0 spear.
You barely miss the gnoll. Your headbutt misses the gnoll.
The gnoll hits you but does no damage.
You closely miss the gnoll. The gnoll hits you with a +0 spear.
You hit the gnoll but do no damage. The gnoll hits you with a +0 spear!
You barely miss the gnoll. The gnoll misses you.
You hit the gnoll. Your headbutt misses the gnoll.
The gnoll is moderately wounded.
The gnoll hits you with a +0 spear.
* * * LOW HITPOINT WARNING * * *
You hit the gnoll.
The gnoll is heavily wounded.
The gnoll hits you with a +0 spear.
* * * LOW HITPOINT WARNING * * *
The gnoll hits you with a +0 spear.
You die...

#.# #.# #.#
#.# #.# #.#
#g#
#@##########
#..........#
##########.#
#.# #.# #.#
#.#######
#(.......
#########


You could see a gnoll.

Vanquished Creatures
  A dart slug (D:1)
  A ball python (D:1)
  3 endoplasms (D:1)
  A goblin (D:1)
  4 jackals (D:1)
  2 quokkas (D:1)
  2 bats (D:1)
  A frilled lizard (D:1)
  5 kobolds (D:1)
  A rat (D:1)
21 creatures vanquished.

Notes
Turn   | Place    | Note
-------+----------+-------------------------------------------
     0 | D:1      | Madoushi the Minotaur Berserker began the quest for the
                  | Orb.
     0 | D:1      | Reached XP level 1. HP: 19/19 MP: 0/0
    78 | D:1      | Reached XP level 2. HP: 3/27 MP: 1/1
   429 | D:1      | Found a faded altar of an unknown god.
   607 | D:1      | Reached ** piety under Trog
   710 | D:1      | Slain by a gnoll

Illustrated notes

Levels and vault maps discovered:
D:1:      evilmike_arrival_crescent, layout_basic,
          ebering_ecumenical_altar_sacrificial

Skill      XL: |  1  2 |
---------------+-------+-----
Axes           | 4 |  4.3
Fighting       | 4 |  4.0
Armour         | |  2.5
Dodging        | |  2.3
Stealth        | |  0.5

Action                   || total
-------------------------++-------
Melee: Hand axe          ||    49
       Headbutt          ||     7
Armor: Animal skin       ||     1
       Scale mail        ||    12
Dodge: Dodged            ||    20
